 Dungeon Crawl Stone Soup version 0.31-a0-986-g5e6e4ef867 (webtiles) character file.

Game seed: 7802795524222678321

341 CowFu the Cruncher (level 6, -7/53 HPs)
             Began as a Gnoll Wanderer on Nov 15, 2023.
             Mangled by a gnoll
             ... wielding a +0 halberd
             ... led by a gnoll bouda
              (11 damage)
             ... on level 6 of the Dungeon.
             The game lasted 00:02:50 (2696 turns).

CowFu the Cruncher (Gnoll Wanderer)                 Turns: 2696, Time: 00:02:51

Health: -7/53      AC: 12    Str: 12    XL:     6   Next: 56%
Magic:  9/9        EV:  6    Int: 10    God:
Gold:   195        SH:  0    Dex: 14    Spells: 9/9 levels left

rFire   . . .        a - +2 quarterstaff
rCold   . . .        (shield currently unavailable)
rNeg    . . .        g - +0 chain mail
rPois   .            s - +0 helmet
rElec   .            (no cloak)
rCorr   .            c - +0 pair of gloves
SInv    .            j - +0 pair of boots
Will    .....        (no amulet) Stlth
                     (no ring)
HPRegen 0.28/turn    (no ring)
MPRegen 0.11/turn

%: no passive effects
@: no status effects
A: fangs 1, strong nose, distributed training
a: no special abilities


You were on level 6 of the Dungeon.
You visited 1 branch of the dungeon, and saw 5 of its levels.

You collected 195 gold pieces.

Inventory:

Hand Weapons
 a - a +2 quarterstaff (weapon)
Armour
 c - a +0 pair of gloves (worn)
 g - a +0 chain mail (worn)
 j - a +0 pair of boots (worn)
 s - a +0 helmet (worn)
Magical Staves
 p - a staff of cold
Wands
 q - a wand of mindburst (9)
Scrolls
 d - 2 scrolls of blinking
 e - a scroll of enchant armour {unknown}
 f - a scroll of fear {unknown}
 h - 5 scrolls of identify {unknown}
 k - 2 scrolls of revelation {unknown}
 m - a scroll of teleportation {unknown}
 o - 2 scrolls of immolation {unknown}
 r - 2 scrolls of enchant weapon {unknown}
 t - a scroll of poison {unknown}
 u - 2 scrolls of brand weapon {unknown}
 v - a scroll of silence {unknown}
Potions
 b - a potion of lignification
 i - a potion of attraction {unknown}
 l - a potion of haste {unknown}
 n - 2 potions of magic {unknown}


   Skills:
 + Level 6.8 Fighting
 + Level 2.0 Short Blades
 + Level 2.0 Long Blades
 + Level 2.0 Axes
 + Level 2.0 Maces & Flails
 + Level 2.0 Polearms
 + Level 10.6 Staves
 + Level 2.0 Ranged Weapons
 + Level 2.0 Throwing
 + Level 2.0 Armour
 + Level 2.0 Dodging
 + Level 3.1 Stealth
 + Level 2.0 Shields
 + Level 2.0 Unarmed Combat
 + Level 2.0 Spellcasting
 + Level 1.6 Conjurations
 + Level 1.6 Hexes
 + Level 1.6 Summonings
 + Level 1.6 Necromancy
 + Level 1.6 Translocations
 + Level 1.6 Transmutations
 + Level 1.6 Fire Magic
 + Level 1.6 Ice Magic
 + Level 1.6 Air Magic
 + Level 1.6 Earth Magic
 + Level 1.6 Poison Magic
 + Level 2.2 Invocations
 + Level 3.3 Evocations
 + Level 1.8 Shapeshifting


You had 9 spell levels left.
You didn't know any spells.
Your spell library was empty.

Dungeon Overview and Level Annotations

Branches:
Dungeon (6/15)
 Temple: D:4-7

Altars:
Xom
The Shining One


Innate Abilities, Weirdness & Mutations

You have very sharp teeth.
Your uncanny sense of smell can sniff out nearby items.
Your experience applies equally to all skills.


Message History

You hit the gnoll bouda but do no damage.
The gnoll bouda is heavily wounded.
The gnoll bouda hits you but does no damage.
The gnoll hits you from afar with a +0 halberd.
You closely miss the gnoll bouda.
The gnoll bouda is heavily wounded.
The gnoll bouda hits you but does no damage.
The gnoll hits you but does no damage.
You barely miss the gnoll bouda. You bite the gnoll bouda.
The gnoll bouda is heavily wounded.
The gnoll bouda hits you with a +0 whip!
* * * LOW HITPOINT WARNING * * *
The gnoll hits you but does no damage.
You hit the gnoll bouda.
The gnoll bouda is severely wounded.
You barely miss the gnoll bouda. Your bite misses the gnoll bouda.
The gnoll bouda is severely wounded.
The gnoll bouda barely misses you. The gnoll barely misses you.
You hit the gnoll bouda.
The gnoll bouda is almost dead.
The gnoll bouda hits you but does no damage.
The gnoll hits you from afar with a +0 halberd.
* * * LOW HITPOINT WARNING * * *
You hit the gnoll bouda.
You kill the gnoll bouda!
The gnoll hits you but does no damage.
The gnoll hits you but does no damage. x2
Things that are here:
a +0 whip; a +0 robe You completely miss the gnoll.
You hit the gnoll. You bite the gnoll, but do no damage.
The gnoll is lightly wounded.
The gnoll hits you with a +0 halberd!
* * * LOW HITPOINT WARNING * * *
The gnoll barely misses you.
You barely miss the gnoll.
The gnoll is lightly wounded.
The gnoll hits you but does no damage.
The gnoll hits you from afar with a +0 halberd!
You die...

... ........#
.###..#.......########
.gg...#.......##.....####
......'.......##.#.......
∆ #.......##+#.#.....
#.g######....#..... ##g#
#....#.#### #g#
#....#..... #@#
#....#....# #)#
#.........#
#)######....#.#<.#
#......##'#.#.##.#
######...........#
#####..#..... #.........
#......... #.#>#####.


You could see 3 gnolls.

Vanquished Creatures
  A black bear (D:4)
  A jelly (D:4)
  A hound (D:6)
  A gnoll bouda (D:6)
  Robin (D:2)
  2 gnolls (D:6)
  4 adders
  A white imp (D:6)
  2 dart slugs
  2 orcs (D:2)
  3 ball pythons
  9 endoplasms
  3 giant cockroaches
  19 goblins
  2 hobgoblins (D:3)
  2 jackals (D:1)
  3 quokkas
  5 bats
  6 frilled lizards
  4 kobolds
  5 rats
77 creatures vanquished.

Notes
Turn   | Place    | Note
-------+----------+-------------------------------------------
     0 | D:1      | Reached skill level 10 in Staves
     0 | D:1      | CowFu the Gnoll Wanderer began the quest for the Orb.
     0 | D:1      | CowFu set off with the following items: a +2 quarterstaff,
                  | a potion of lignification, a +0 pair of gloves, a scroll of
                  | blinking, a +0 robe.
     0 | D:1      | Reached XP level 1. HP: 23/23 MP: 1/1
   228 | D:1      | Reached XP level 2. HP: 27/29 MP: 2/2
   490 | D:1      | Reached XP level 3. HP: 34/35 MP: 3/3
  1048 | D:2      | Reached skill level 1 in Invocations
  1118 | D:2      | Reached skill level 1 in Short Blades
  1118 | D:2      | Reached skill level 1 in Long Blades
  1118 | D:2      | Reached skill level 1 in Axes
  1118 | D:2      | Reached skill level 1 in Maces & Flails
  1118 | D:2      | Reached skill level 1 in Polearms
  1118 | D:2      | Reached skill level 1 in Ranged Weapons
  1118 | D:2      | Reached skill level 1 in Throwing
  1118 | D:2      | Reached skill level 1 in Armour
  1118 | D:2      | Reached skill level 1 in Dodging
  1118 | D:2      | Reached skill level 1 in Shields
  1118 | D:2      | Reached skill level 1 in Unarmed Combat
  1118 | D:2      | Reached skill level 1 in Spellcasting
  1386 | D:3      | Noticed Robin
  1394 | D:2      | Killed Robin
  1395 | D:2      | Reached XP level 4. HP: 38/41 MP: 5/5
  1396 | D:2      | Reached skill level 1 in Shapeshifting
  1622 | D:3      | Reached skill level 1 in Conjurations
  1622 | D:3      | Reached skill level 1 in Hexes
  1622 | D:3      | Reached skill level 1 in Summonings
  1622 | D:3      | Reached skill level 1 in Necromancy
  1622 | D:3      | Reached skill level 1 in Translocations
  1622 | D:3      | Reached skill level 1 in Transmutations
  1622 | D:3      | Reached skill level 1 in Fire Magic
  1622 | D:3      | Reached skill level 1 in Ice Magic
  1622 | D:3      | Reached skill level 1 in Air Magic
  1622 | D:3      | Reached skill level 1 in Earth Magic
  1622 | D:3      | Reached skill level 1 in Poison Magic
  2055 | D:4      | Found a shimmering altar of Xom.
  2158 | D:4      | Reached XP level 5. HP: 30/47 MP: 5/7
  2263 | D:4      | Noticed a black bear
  2277 | D:4      | Killed a black bear
  2278 | D:4      | Reached XP level 6. HP: 49/53 MP: 8/8
  2293 | D:4      | Found a glowing golden altar of the Shining One.
  2322 | D:4      | You fall into a shaft and drop 2 floors!
  2696 | D:6      | Mangled by a gnoll

Illustrated notes

Levels and vault maps discovered:
D:1:      evilmike_arrival_rings, layout_basic, serial_forest,
          infiniplex_forest_straight_4, infiniplex_forest_lined_1,
          infiniplex_forest_clump_long, infiniplex_forest_clump_tiny,
          infiniplex_forest_clump_long, infiniplex_forest_join,
          infiniplex_forest_clump_small
D:2:      layout_basic
D:3:      layout_rooms, minmay_misc_feat_rows, uniq_robin
D:4:      layout_basic, mainiacjoe_overflow_cross_hatched, xom_butterflies,
          minitemple, nicolae_kikubaaqudgha_miasma_corner
D:6:      layout_basic

Skill      XL: |  1  2  3  4  5  6 |
---------------+-------------------+-----
Staves         | | 10.6
Invocations    | 1 2 |  2.2
Short Blades   | 1 2 |  2.0
Long Blades    | 1 2 |  2.0
Axes           | 1 2 |  2.0
Maces & Flails | 1 2 |  2.0
Polearms       | 1 2 |  2.0
Ranged Weapons | 1 2 |  2.0
Throwing       | 1 2 |  2.0
Armour         | 1 2 |  2.0
Dodging        | 1 2 |  2.0
Shields        | 1 2 |  2.0
Unarmed Combat | 1 2 |  2.0
Spellcasting   | 1 2 |  2.0
Shapeshifting  | 1 |  1.8
Conjurations   | 1 |  1.6
Hexes          | 1 |  1.6
Summonings     | 1 |  1.6
Necromancy     | 1 |  1.6
Translocations | 1 |  1.6
Transmutations | 1 |  1.6
Fire Magic     | 1 |  1.6
Ice Magic      | 1 |  1.6
Air Magic      | 1 |  1.6
Earth Magic    | 1 |  1.6
Poison Magic   | 1 |  1.6
Evocations     | 3 |  3.3
Stealth        | 3 |  3.1
Fighting       | |  6.8

Action                     |  1- 3 |  4- 6 || total
---------------------------+-------+-------++-------
  Melee: Quarterstaff      |    92 |   114 ||   206
         Bite              |     8 |     8 ||    16
 Armour: Robe              |    10 |       ||    10
         Chain mail        |    50 |   117 ||   167
  Dodge: Dodged            |    32 |    35 ||    67

Table legend: (Time is in decaauts)
 A = Elapsed time spent in this place.
 B = Non-inter-level travel time spent in this place.
 C = Inter-level travel time spent in this place.
 D = Time resting spent in this place.
 E = Time spent auto-exploring this place.
 F = Levels seen in this place.
 G = Mean time per level.
                   A        B        C        D        E       F      G
               +--------+--------+--------+--------+--------+-----+--------+
         Total |   2651 |   2521 |    130 |      0 |   2077 |   5 |  530.2 |
       Dungeon |   2651 |   2521 |    130 |      0 |   2077 |   5 |  530.2 |
               +--------+--------+--------+--------+--------+-----+--------+

Top non-repeatable levels by time:
     D:1: 793 daAuts
     D:2: 790 daAuts
     D:3: 430 daAuts
     D:6: 364 daAuts
     D:4: 274 daAuts
